 Dungeon Crawl Stone Soup version 0.15.0-13-gb296d5c (webtiles) character file.

114 Kashira the Sneak (level 4, -1/37 HPs)
             Began as a Naga Enchanter on Sept 3, 2014.
             Killed from afar by Kashira's ghost (13 damage)
             ... with a spray of energy
             ... on Level 3 of the Dungeon.
             The game lasted 00:10:01 (2105 turns).

Kashira the Sneak (Naga Enchanter)                  Turns: 2105, Time: 00:10:01

HP  -1/37        AC  2     Str 11      XL: 4   Next: 98%
MP   2/8         EV 10     Int 15      God:
Gold 135         SH  0     Dex 12      Spells:  3 memorised,  1 level left

rFire  . . .     SeeInvis +     k - +0 mace
rCold  . . .     Clarity  .     e - +0 leather armour
rNeg   . . .     rCorr    .     (no shield)
rPois  +         rRot     .     (no helmet)
rElec  .         Spirit   .     (no cloak)
SustAb .         Warding  .     (no gloves)
rMut   .         Stasis   .     (no barding)
Gourm  .                        (no amulet)
MR     .....                    (no ring)
                                (no ring)

@: confused, very slightly contaminated, glowing, very slow, not resistant to
hostile enchantments, very unstealthy
A: spit poison, see invisible, deformed body, poison resistance, slowness 2, AC
+1
a: Spit Poison


You were on level 3 of the Dungeon.
You were not hungry.

You visited 1 branch of the dungeon, and saw 4 of its levels.

You collected 135 gold pieces.

Inventory:

Hand weapons
 a - a +1 dagger
 k - a +0 mace (weapon)
Missiles
 t - 7 tomahawks (quivered)
Armour
 b - a +1 robe
 e - a +0 leather armour (worn)
Comestibles
 d - 2 bread rations
 f - a beef jerky
 h - a rotting chunk of worker ant flesh
 i - a chunk of adder flesh
 m - a slice of pizza
Scrolls
 l - a scroll of identify
 p - a scroll of remove curse
 r - 2 scrolls of recharging {unknown}
Jewellery
 o - a +3 ring of evasion
Potions
 g - 2 potions of brilliance {unknown}
 j - a potion of heal wounds {unknown}
 q - a potion of curing {unknown}
 s - 2 potions of cure mutation {unknown}
Books
 c - a book of Maledictions

   Spells                             Type                      Level
   *Corona                            Hexes                        1
   Sure Blade                         Hexes/Charms                 2
   Ensorcelled Hibernation            Hexes/Ice                    2
   *Confuse                           Hexes                        3
   *Dazzling Spray                    Conjuration/Hexes            3
   Enslavement                        Hexes                        4


   Skills:
 + Level 0.8 Fighting
 - Level 1.0 Short Blades
 + Level 1.1 Armour
 + Level 2.3 Dodging
 - Level 4.4 Stealth
 + Level 2.9 Spellcasting
 + Level 3.8 Hexes


You had one spell level left.
You knew the following spells:

 Your Spells              Type           Power        Failure   Level  Hunger
a - Corona                Hex            ##.....      4%          1    #......
b - Dazzling Spray        Conj/Hex       #.......     30%         3    ###....
c - Confuse               Hex            ##......     14%         3    ###....


Dungeon Overview and Level Annotations

Branches:
Dungeon (4/15)
 Temple: D:4-7

Altars:
Dithmenos

Annotations:
D:3 Kashira's ghost, average NaEn


Innate Abilities, Weirdness & Mutations

You cannot wear boots.
You can spit poison.
Your serpentine skin is tough (AC +1).
You have supernaturally acute eyesight.
Armour fits poorly on your strangely shaped body.
Your system is resistant to poisons.
You cover ground very slowly.


Message History

Kashira's ghost is moderately damaged.
Kashira's ghost hits you.
You hit Kashira's ghost.
Kashira's ghost is moderately damaged.
Kashira's ghost hits you.
You thump Kashira's ghost!
Kashira's ghost is heavily damaged.
Kashira's ghost hits you.
You hit Kashira's ghost.
Kashira's ghost is heavily damaged.
Kashira's ghost hits you but does no damage.
You hit Kashira's ghost but do no damage.
Kashira's ghost is heavily damaged.
Kashira's ghost gestures at you while chanting.
The spray of energy hits you!
You are confused.
Ouch!
Kashira's ghost points at you and mumbles some strange words.
The spray of energy hits you!
You die...

###### #######
#####....######........
....S..........@........
#....###.##W.....##
#...(# #.# #####.#
#....# #%# #....###.##
####......#
##########......#
...).....#......#
########..####.##


You could see Kashira's ghost.

Vanquished Creatures
  A worker ant (D:4)
  3 adders
  A giant mite (D:2)
  A worm (D:2)
  3 giant geckos (D:1)
  3 orcs
  3 giant cockroaches
  5 hobgoblins
  7 bats
  7 giant newts
  9 goblins
  4 kobolds
  An orc skeleton (D:4)
  9 rats
57 creatures vanquished.

Notes
Turn   | Place    | Note
--------------------------------------------------------------
     0 | D:1      | Kashira, the Naga Enchanter, began the quest for the Orb.
     0 | D:1      | Reached XP level 1. HP: 15/15 MP: 3/3
   133 | D:1      | Reached XP level 2. HP: 22/22 MP: 2/4
   906 | D:1      | Reached XP level 3. HP: 24/28 MP: 6/6
   911 | D:1      | Learned a level 3 spell: Dazzling Spray
  1426 | D:2      | Reached XP level 4. HP: 30/36 MP: 4/8
  1557 | D:2      | Reached skill level 1 in Armour
  1683 | D:2      | Learned a level 3 spell: Confuse
  1727 | D:3      | Noticed an ogre
  2030 | D:3      | Found a shadowy altar of Dithmenos.
  2090 | D:3      | Noticed Kashira's ghost (average NaEn)
  2105 | D:3      | Killed from afar by Kashira's ghost

Action                   |  1- 3 |  4- 6 || total
-------------------------+-------+-------++-------
Melee: Dagger            |    18 |       ||    18
       Mace              |    29 |    26 ||    55
 Cast: Corona            |    12 |       ||    12
       Dazzling Spray    |     4 |     9 ||    13
 Abil: Spit Poison       |    36 |    28 ||    64
  Use: Scroll            |       |     4 ||     4
 Stab: Invisible         |     1 |       ||     1
       Sleeping          |     1 |       ||     1
  Eat: Chunk             |     4 |     6 ||    10
